 Dungeon Crawl Stone Soup version 0.20.1-1-g8b1a95d (webtiles) character file.

45280 vineage the Peltast (level 14, -11/86 HPs)
             Began as a Gargoyle Fighter on Sept 24, 2017.
             Was the Champion of Okawaru.
             Engulfed by a fire crab's flame (30 damage)
             ... on level 6 of the Lair of Beasts.
             The game lasted 00:27:33 (15037 turns).

vineage the Peltast (Gargoyle Fighter)             Turns: 15037, Time: 00:27:34

Health: -11/86     AC: 30    Str: 33    XL:     14   Next: 32%
Magic:  14/14      EV: 13    Int: 11    God:    Okawaru [******]
Gold:   827        SH:  0    Dex: 15    Spells: 13/13 levels left

rFire    x . .     SeeInvis +   I - +8 whip of Wondrous Power {freeze, +Inv rF- Str+2}
rCold    . . .     Gourm    .   u - +3 large shield
rNeg     + . .     Faith    .   m - +2 scale mail "Taoweu Vinn" {Str+5}
rPois    ∞         Spirit   .   x - +1 helmet
rElec    +         Reflect  .   d - +1 cloak {MR+}
rCorr    .         Harm     .   P - +0 pair of gloves {Str+3}
MR       ++...     Rnd*Tele +   (no boots)
Stlth    ..........             Q - amulet of magic regeneration
Regen    0.3/turn               j - +4 ring of protection
MPRegen  0.3/turn               K - +4 ring of dexterity

@: confused, flying
A: big wings, fangs 1, see invisible, clever 1, negative energy resistance 1,
electricity resistance, teleportitis 1, unbreathing, petrification resistance,
rot immunity, AC +9
a: Stop Flying, Heroism, Finesse, Renounce Religion, Evoke Invisibility


You were on level 6 of the Lair of Beasts.
You worshipped Okawaru.
Okawaru was exalted by your worship.
You were hungry.

You visited 3 branches of the dungeon, and saw 15 of its levels.
You also visited: Ossuary.

You collected 1236 gold pieces.
You spent 409 gold pieces at shops.

Inventory:

Hand Weapons
 a - a +1 flail
 c - the +4 mace of Aminot {crush, Str+3}
   (Okawaru gifted it to you on level 5 of the Lair of Beasts)

   It inflicts extra damage upon your enemies.
   It affects your strength (+3).
 v - a +2 flail of holy wrath
 I - the +8 whip of Wondrous Power (weapon) {freeze, +Inv rF- Str+2}
   (You found it on level 4 of the Lair of Beasts)

   It has been specially enchanted to freeze those struck by it, causing extra
   injury to most foes and up to half again as much damage against particularly
   susceptible opponents.
   It can also slow down cold-blooded creatures.
   It affects your strength (+2).
   It makes you vulnerable to fire.
   It lets you turn invisible.
 V - the +3 mace of Proximity {flame, rElec Int+3}
   (Okawaru gifted it to you on level 2 of the Lair of Beasts)

   It has been specially enchanted to burn those struck by it, causing extra
   injury to most foes and up to half again as much damage against particularly
   susceptible opponents.
   It affects your intelligence (+3).
   It insulates you from electricity.
Missiles
 i - 3 steel javelins (quivered)
Armour
 d - a +1 cloak of magic resistance (worn)
 m - the +2 scale mail "Taoweu Vinn" (worn) {Str+5}
   (You bought it in a shop on level 4 of the Dungeon)

   It affects your strength (+5).
 u - a +3 large shield (worn)
 x - a +1 helmet (worn)
 P - a +0 pair of gloves of strength (worn)
Jewellery
 j - a +4 ring of protection (left hand)
 n - an uncursed ring of protection from fire
 w - an uncursed ring of stealth
 E - an uncursed ring of fire
 K - a +4 ring of dexterity (right hand)
 M - a +1 ring of protection
 Q - an amulet of magic regeneration (around neck)
 Y - an uncursed ring of protection from magic
Wands
 e - a wand of flame (35/48)
 C - a wand of polymorph (4/24)
 D - a wand of clouds (4/9)
 J - a wand of random effects (35/48)
 S - a wand of lightning (10/15)
 Z - a wand of paralysis (6/24)
Scrolls
 b - a scroll of enchant weapon
 g - a scroll of teleportation
 h - 3 scrolls of fear
 k - 3 scrolls of amnesia
 p - 8 scrolls of remove curse
 y - a scroll of fog
 F - 6 scrolls of magic mapping
 H - 2 scrolls of vulnerability
 T - 5 scrolls of identify
Potions
 q - a potion of curing
 t - a potion of brilliance
 z - a potion of invisibility {unknown}
 A - a potion of magic
 L - 2 potions of lignification
 U - a potion of might
 X - 2 potions of ambrosia
Books
 o - a book of Callings

   Spells                             Type                      Level
   a - Summon Small Mammal            Summoning                    1
   b - Call Imp                       Summoning                    2
   c - Call Canine Familiar           Summoning                    3
   d - Summon Guardian Golem          Hexes/Summoning              3
   e - Summon Lightning Spire         Summoning/Air                4
   f - Summon Ice Beast               Ice/Summoning                4
 B - a book of Flames

   Spells                             Type                      Level
   a - Flame Tongue                   Conjuration/Fire             1
   b - Throw Flame                    Conjuration/Fire             2
   c - Conjure Flame                  Conjuration/Fire             3
   d - Inner Flame                    Hexes/Fire                   3
   e - Sticky Flame                   Conjuration/Fire             4
   f - Fireball                       Conjuration/Fire             5
Miscellaneous
 O - a box of beasts
Comestibles
 f - 11 bread rations
 l - 4 meat rations
 r - 2 royal jellies
 W - 6 fruits


   Skills:
 + Level 9.5 Fighting
 + Level 12.7 Maces & Flails
 + Level 9.6 Armour
 + Level 6.6 Dodging
 + Level 3.3 Stealth
 + Level 16.3 Shields
 + Level 0.9 Invocations


You had 13 spell levels left.
You didn't know any spells.

Dungeon Overview and Level Annotations

Branches:
Dungeon (8/15)             Temple (1/1) D:6            Lair (6/6) D:8
 Shoals (0/4) Lair:3        Snake (0/4) Lair:2        Slime (0/5) Lair:5

Altars:
Ashenzari
Gozag
Kikubaaqudgha
Makhleb
Nemelex Xobeh
Okawaru
Qazlal
Ru
Trog
Xom
Zin
Jiyva

Shops:
D:4 [   D:8 *

Annotations:
D:3 1 runed door
Lair:1 exclusion: oklob plant


Innate Abilities, Weirdness & Mutations

You are resistant to torment.
Your stone body is resilient. (AC +9)
You are immune to poison.
Your large and strong wings let you fly indefinitely.
You resist negative energy. (rN+)
You are resistant to electric shocks. (rElec)
You can survive without breathing.
You are immune to petrification.
You are immune to rotting.
You have very sharp teeth.
You have supernaturally acute eyesight. (SInv)
Your mind is acute. (Int +2)
You are occasionally teleported next to monsters.


Message History

The fungus is engulfed in blazing flames. x2
You feel better.
You are engulfed in blazing flames.
* * * LOW HITPOINT WARNING * * *
The fungus is engulfed in blazing flames.
The fungus is destroyed!
The fungus is engulfed in blazing flames.
The fire crab breathes flames at you. The blast of flame engulfs you!
The fungus is engulfed in blazing flames.
The fire crab breathes flames at you.
The blast of flame engulfs the fungus.
The fungus is destroyed!
You feel better.
You are engulfed in blazing flames.
The fungus is engulfed in blazing flames.
The fire crab breathes flames at you. The blast of flame misses you.
Unknown command.
You are confused.
You feel invigorated.
You are engulfed in blazing flames.
You die...

# ###....P..#...## ##............
######...........####............
##...#...........#.##............
####.........................)...
###.#...........§.....#..........
.###......#......................
..........#...§##§..P.##........P
.P.......P.#P§§§§§§.####.....P...
.............§§§@.§§## #.......##
÷..###.....P.§.##.§..# ##........
..## ###.......###§§####....#<...
..#####.#...#..####...##...##...P
...#.####....##.##..t....##......
...#..#........##..........#.....
..#...#............P.#..P..P.#.P.
#..#.#.#.##.........##.###.....P.
##.##...#####...#....### #####P##


You could see a fire crab.

Vanquished Creatures
  A dire elephant (Lair:2)
  Josephine (Lair:6)
  The ghost of Scuka the Bludgeoner, a journeyman MiFi of Okawaru (Lair:1)
  6 hydras
  A death yak (Lair:6)
  A lindwurm (Lair:6)
  A faun (Lair:3)
  8 black mambas
  3 molten gargoyles (Lair:6)
  20 elephants
  14 spiny frogs
  2 rime drakes
  12 komodo dragons
  10 polar bears
  5 blink frogs (Lair:1)
  10 hippogriffs
  5 wraiths
  Sigmund (D:2)
  A spriggan (Lair:2)
  25 yaks
  3 basilisks
  7 wyverns
  A hungry ghost (D:7)
  2 steam dragons (Lair:6)
  17 water moccasins
  4 hell hounds (Lair:6)
  12 porcupines
  3 orc warriors (D:7)
  A phantom (D:8)
  5 wolves (Lair:4)
  2 centaurs
  3 ogres
  15 crocodiles
  An elf zombie (Ossuary)
  8 bullfrogs
  5 scorpions
  10 killer bees (D:7)
  An electric eel (Lair:5)
  A crimson imp (D:5)
  5 lava snakes (Lair:6)
  2 centaur zombies (Ossuary)
  A human zombie (Ossuary)
  2 quasits
  A hound (D:5)
  An orc priest (D:3)
  An orc wizard (D:7)
  A bullfrog skeleton (D:7)
  3 iguanas
  5 worker ants
  9 hell rats
  3 big kobold zombies (Ossuary)
  2 hound skeletons
  2 mummies (Ossuary)
  A worker ant zombie (D:7)
  4 gnolls (D:3)
  5 adders
  A howler monkey skeleton (D:8)
  11 river rats (Lair:4)
  A shadow imp (D:5)
  A worm (D:2)
  A dart slug (D:3)
  8 leopard geckos
  14 orcs
  A ball python (D:1)
  6 giant cockroaches
  A gnoll zombie (Ossuary)
  6 goblins
  14 hobgoblins
  9 jackals
  8 kobolds
  4 quokkas
  8 bats
  5 frilled lizards
  A goblin zombie (Ossuary)
  2 hobgoblin zombies (Ossuary)
  A jackal skeleton (D:4)
  A jackal zombie (D:8)
  3 orc zombies (Ossuary)
  14 rats
  A fungus (D:8)
399 creatures vanquished.

Vanquished Creatures (others)
  50 fungi
  15 plants
65 creatures vanquished.

Grand Total: 464 creatures vanquished

Notes
Turn   | Place    | Note
-------+----------+-------------------------------------------
     0 | D:1      | vineage the Gargoyle Fighter began the quest for the Orb.
     0 | D:1      | Reached XP level 1. HP: 14/14 MP: 1/1
   124 | D:1      | Reached XP level 2. HP: 16/19 MP: 2/2
   359 | D:1      | Reached XP level 3. HP: 24/24 MP: 3/3
   781 | D:2      | Reached skill level 4 in Shields
  1077 | D:2      | Noticed Sigmund
  1086 | D:2      | Gained mutation: Your mind is acute. (Int +2) [potion of mutation]
  1086 | D:2      | Gained mutation: You have very sharp teeth. [potion of mutation]
  1086 | D:2      | Gained mutation: You are occasionally teleported next to monsters. [potion of mutation]
  1086 | D:2      | Gained mutation: You have supernaturally acute eyesight. (SInv) [potion of mutation]
  1101 | D:2      | Killed Sigmund
  1101 | D:2      | Reached skill level 1 in Dodging
  1101 | D:2      | Reached XP level 4. HP: 24/29 MP: 4/4
  1101 | D:2      | Reached XP level 5. HP: 27/33 MP: 5/5
  1214 | D:2      | Found a stormy altar of Qazlal.
  1434 | D:3      | Reached XP level 6. HP: 38/38 MP: 6/6
  1478 | D:3      | HP: 1/38 [gnoll/spear (2)]
  1922 | D:3      | Reached skill level 5 in Shields
  1952 | D:3      | Found a faded altar of an unknown god.
  1971 | D:3      | Found a sacrificial altar of Ru.
  2121 | D:3      | Found a glowing silver altar of Zin.
  2121 | D:3      | Noticed an angel
  2122 | D:3      | Found a runed door.
  2375 | D:4      | Found a sparkling altar of Nemelex Xobeh.
  2509 | D:4      | Found a sand-covered staircase.
  2534 | Ossuary  | Entered an ossuary
  2575 | Ossuary  | Reached XP level 7. HP: 34/43 MP: 7/7
  2732 | Ossuary  | Reached skill level 5 in Maces & Flails
  3109 | D:4      | Found Qax Sag's Armour Shoppe.
  3292 | D:4      | Bought the +2 scale mail "Taoweu Vinn" {Str+5} for 409 gold pieces
  3438 | D:5      | Entered Level 5 of the Dungeon
  3445 | D:5      | Reached skill level 6 in Shields
  3610 | D:5      | Reached XP level 8. HP: 48/48 MP: 8/8
  3855 | D:5      | Reached skill level 1 in Stealth
  3912 | D:5      | Reached skill level 5 in Armour
  4388 | D:6      | Found a staircase to the Ecumenical Temple.
  4459 | Temple   | Entered the Ecumenical Temple
  4494 | Temple   | Became a worshipper of Warmaster Okawaru
  4930 | D:7      | Reached skill level 5 in Fighting
  5120 | D:7      | Noticed a wraith
  5148 | D:7      | Reached * piety under Okawaru
  5148 | D:7      | Reached skill level 7 in Shields
  5209 | D:7      | Reached XP level 9. HP: 43/54 MP: 9/9
  5300 | D:7      | Reached ** piety under Okawaru
  5300 | D:7      | Reached skill level 8 in Shields
  6165 | D:8      | Reached skill level 9 in Shields
  6251 | D:8      | Reached XP level 10. HP: 57/60 MP: 10/10
  6254 | D:8      | Reached *** piety under Okawaru
  6265 | D:8      | Found a staircase to the Lair.
  6270 | D:8      | Found Fiubbu's General Store.
  6620 | Lair:1   | Entered Level 1 of the Lair of Beasts
  6620 | Lair:1   | Noticed an oklob plant
  6818 | Lair:1   | Noticed Scuka's ghost (journeyman MiFi)
  6834 | Lair:1   | Killed Scuka's ghost
  6834 | Lair:1   | Reached **** piety under Okawaru
  6834 | Lair:1   | Reached skill level 10 in Shields
  7333 | Lair:1   | Noticed a spiny frog
  7333 | Lair:1   | Noticed a spiny frog
  7346 | Lair:1   | Killed a spiny frog
  7346 | Lair:1   | Reached ***** piety under Okawaru
  7361 | Lair:1   | Killed a spiny frog
  7361 | Lair:1   | Reached XP level 11. HP: 38/66 MP: 11/11
  7475 | Lair:1   | Reached skill level 11 in Shields
  7656 | Lair:1   | Received a gift from Okawaru
  7668 | Lair:1   | Reached skill level 10 in Maces & Flails
  7891 | Lair:1   | Noticed a four-headed hydra
  7922 | Lair:1   | Killed a four-headed hydra
  8218 | Lair:2   | Found a staircase to the Snake Pit.
  8574 | Lair:2   | Reached skill level 12 in Shields
  8686 | Lair:2   | Reached XP level 12. HP: 39/72 MP: 12/12
  9122 | Lair:2   | Received a gift from Okawaru
  9324 | Lair:2   | Reached skill level 5 in Dodging
  9452 | Lair:2   | Received a gift from Okawaru
  9455 | Lair:2   | Got a crude mace {god gift}
  9456 | Lair:2   | Identified the +3 mace of Proximity {flame, rElec Int+3} (Okawaru gifted it to you on level 2 of the Lair of Beasts)
  9535 | Lair:2   | Reached ****** piety under Okawaru
  9535 | Lair:2   | Reached skill level 13 in Shields
  9650 | Lair:2   | Noticed a dire elephant
  9684 | Lair:2   | Killed a dire elephant
 10232 | Lair:3   | Found a staircase to the Shoals.
 10586 | Lair:4   | Got an iridescent whip
 10587 | Lair:4   | Identified the +8 whip of Wondrous Power {freeze, +Inv rF- Str+2} (You found it on level 4 of the Lair of Beasts)
 10613 | Lair:4   | Noticed an eight-headed hydra
 10628 | Lair:4   | Killed an eight-headed hydra
 11118 | Lair:4   | Reached XP level 13. HP: 78/78 MP: 13/13
 11572 | Lair:5   | Reached skill level 14 in Shields
 11689 | Lair:5   | Found a viscous altar of Jiyva.
 11689 | Lair:5   | Found a staircase to the Slime Pits.
 11778 | Lair:5   | Received a gift from Okawaru
 11788 | Lair:5   | Got a fine mace {god gift}
 11789 | Lair:5   | Identified the +4 mace of Aminot {crush, Str+3} (Okawaru gifted it to you on level 5 of the Lair of Beasts)
 12290 | Lair:5   | Received a gift from Okawaru
 12290 | Lair:5   | Reached skill level 15 in Shields
 12677 | Lair:6   | Entered Level 6 of the Lair of Beasts
 13142 | Lair:6   | Noticed Josephine
 13167 | Lair:6   | Killed Josephine
 13813 | Lair:6   | Received a gift from Okawaru
 13838 | Lair:6   | Gained mutation: Your large and strong wings let you fly indefinitely. [Gargoyle growth]
 13838 | Lair:6   | Reached XP level 14. HP: 59/86 MP: 9/14
 14056 | Lair:6   | Reached skill level 16 in Shields
 14452 | Lair:6   | Found a large runed door.
 14453 | Lair:6   | Found a large runed door.
 15037 | Lair:6   | Engulfed by a fire crab's flame

Skill      XL: |  1  2  3  4  5  6  7  8  9 10 11 12 13 14 |
---------------+-------------------------------------------+-----
Shields        | 4 5 6 7 9 10 12 13 15 16 | 16.3
Fighting       | 4 5 6 7 8 9 |  9.5
Maces & Flails | 3 4 5 7 9 11 12 | 12.7
Dodging        | 1 2 3 4 5 6 |  6.6
Armour         | 4 5 6 7 8 9 |  9.6
Stealth        | 1 2 3 |  3.3
Invocations    | |  0.9

Action                   |  1- 3 |  4- 6 |  7- 9 | 10-12 | 13-15 || total
-------------------------+-------+-------+-------+-------+-------++-------
Melee: Flail             |   166 |   166 |   424 |   453 |       ||  1209
       Bite              |     1 |    13 |    50 |   111 |   147 ||   322
       Mace              |       |       |       |   105 |    96 ||   201
       Whip              |       |       |       |    87 |   659 ||   746
Invok: Heroism           |       |       |     1 |     3 |     1 ||     5
       Finesse           |       |       |       |       |     1 ||     1
 Abil: Fly               |       |       |       |       |     1 ||     1
  Use: Potion            |     6 |     3 |     2 |     5 |     8 ||    24
       Scroll            |       |       |     9 |    11 |     9 ||    29
 Stab: Sleeping          |       |       |       |     4 |     1 ||     5
  Eat: Chunk             |       |     5 |    11 |    13 |    13 ||    42
       Royal jelly       |       |       |     1 |     1 |       ||     2
       Fruit             |       |       |     1 |     1 |       ||     2
Armor: Scale mail        |    91 |   117 |   269 |   289 |   182 ||   948
Dodge: Dodged            |    61 |    84 |   190 |   155 |   171 ||   661
Block: Shield            |   103 |   118 |    75 |       |       ||   296
       Large shield      |       |       |   485 |   633 |   771 ||  1889
